 Dungeon Crawl Stone Soup version 0.22-a0-398-g8bb545f (webtiles) character file.

1 Ijustatesigmund the Charlatan (level 1, -1/13 HPs)
             Began as an Octopode Artificer on May 4, 2018.
             Hit by a stone thrown by a kobold (2 damage)
             ... on level 1 of the Dungeon.
             The game lasted 00:00:53 (165 turns).

Ijustatesigmund the Charlatan (Octopode Artificer)   Turns: 165, Time: 00:00:53

Health: -1/13      AC:  1    Str: 11    XL:     1   Next: 20%
Magic:  3/3        EV: 13    Int: 13    God:
Gold:   7          SH:  0    Dex: 12    Spells: 0/0 levels left

rFire    . . .     SeeInvis .   a - +0 short sword
rCold    . . .     Gourm    .   (no shield)
rNeg     . . .     Faith    .   (helmet restricted)
rPois    .         Spirit   .   (no amulet)
rElec    .         Reflect  .   (no ring)
rCorr    .         Harm     .   (no ring)
MR       .....                  (no ring)
Stlth    +++.......             (no ring)
HPRegen  0.04/turn              (no ring)
MPRegen  0.08/turn              (no ring)
                                (no ring)
                                (no ring)

@: no status effects
A: almost no armour, stealthy swim, amphibious, 8 rings, constrict 8, camouflage
1, gelatinous body 1
a: no special abilities


You were on level 1 of the Dungeon.
You were not hungry.

You visited 1 branch of the dungeon, and saw 1 of its levels.

You collected 7 gold pieces.

Inventory:

Hand Weapons
 a - a +0 short sword (weapon)
Wands
 b - a wand of flame (15)
 c - a wand of enslavement (14)
 d - a wand of random effects (15)
Scrolls
 e - a scroll of identify {unknown}
Comestibles
 f - a ration


   Skills:
 + Level 1.2 Fighting
 - Level 1.0 Short Blades
 - Level 2.0 Dodging
 - Level 1.3 Stealth
 - Level 3.2 Evocations


You couldn't memorise any spells.
You didn't know any spells.

Dungeon Overview and Level Annotations

Branches:
Dungeon (1/15)

Altars:


Innate Abilities, Weirdness & Mutations

You cannot wear most types of armour.
You are very stealthy in the water. (Stealth+)
You are amphibious.
You can wear up to eight rings at the same time.
You can use your tentacles to constrict eight enemies at once.
Your skin changes colour to match your surroundings (Stealth+).
Your rubbery body absorbs attacks. (AC +1, EV +1)


Message History

The hobgoblin barely misses you.
You are too injured to fight recklessly!
You are too injured to fight recklessly!
You are too injured to fight recklessly!
You are too injured to fight recklessly!
You are too injured to fight recklessly!
You release your grip on the gnoll.
You see here 16 poisoned needles.
Evoke which item? (* to show all) (? for menu, Esc to quit)
Aiming: Enslavement
Press: ? - help, Shift-Dir - straight line, f - gnoll
Aim: a gnoll (severely wounded, chance to defeat MR: 64%)
The gnoll is charmed.
Something hits your gnoll but does no damage.
Your gnoll hits something but does no damage.
The kobold throws a stone.
The stone hits you but does no damage.
Your gnoll closely misses something.
You see here a stone.
The kobold throws a stone.
The stone hits you.
You die...

.##..........###..†..#
'.#..#####....#......#
#.#... ............##
#.#.........##......#
.##..##.##..###...#.# #
###..##.##..####.##.#...#
..... ##.......K.....K.
.... .....##.##.#...#
..##. #@# .##. # ##!##(#
$# .# ##.#...#.# .#
.........##.##.#
##.#...##g.wg..# ##.#
#g###..# #. #.# ... # #.#
. #..


You could see a hobgoblin, a kobold and a friendly gnoll.

Vanquished Creatures
  A hobgoblin (D:1)
1 creature vanquished.

Notes
Turn   | Place    | Note
-------+----------+-------------------------------------------
     0 | D:1      | Ijustatesigmund the Octopode Artificer began the quest for the Orb.
     0 | D:1      | Reached XP level 1. HP: 13/13 MP: 3/3
   165 | D:1      | Hit by a stone thrown by a kobold

Vault maps used:
D:1:      minmay_arrival_stone_box

Action                   || total
-------------------------++-------
Melee: Short sword       ||     8
       Tentacles         ||     2
       Constrict         ||     1
Evoke: Wand              ||     1
Dodge: Dodged            ||     6

Table legend:
 A = Spawn XP
 B = Non-spawn XP
 C = Spawn XP percentage of total XP
 D = Spawn monster count
 E = Non-spawn monster count
 F = Spawn count percentage of total count
 G = Total turns spent on level
                    A         B        C        D         E        F      G
               +---------+---------+-------+---------+---------+-------+---------
         Total |       0 |       2 |   0.0 |       0 |       1 |   0.0 |   165
               +---------+---------+-------+---------+---------+-------+---------
           D:1 |       0 |       2 |   0.0 |       0 |       1 |   0.0 |   165
               +---------+---------+-------+---------+---------+-------+---------
